 Dungeon Crawl Stone Soup version 0.29-a0-1033-gb6c65ffae6 (webtiles) character file.

Game seed: 443753087162351311

2202 hikkokomori the Trooper (level 9, -1/74 HPs)
             Began as a Formicid Fighter on Aug 14, 2022.
             Was a Follower of Qazlal.
             Slain by an orc warrior
             ... wielding a +0 glaive
              (2 damage)
             ... in a bailey.
             The game lasted 00:24:51 (5932 turns).

hikkokomori the Trooper (Formicid Fighter)          Turns: 5932, Time: 00:24:51

Health: -1/74      AC: 11    Str: 24    XL:     9   Next: 60%
Magic:  5/11       EV: 12    Int:  9    God:    Qazlal [*.....]
Gold:   300        SH: 13    Dex: 15    Spells: 3/8 levels left

rFire   + . .      SeeInvis +   A - +1 whip (elec)
rCold   . . .      Faith    .   c - +0 buckler
rNeg    + . .      Spirit   .   y - +1 leather armour of Analysis {rPois rF+ Dex+2}
rPois   +          Reflect  +   (helmet unavailable)
rElec   .          Harm     .   (no cloak)
rCorr   .          Rampage  .   x - +2 pair of gloves
Will    .....                   w - +2 pair of boots
Stlth   +.........              t - amulet of reflection
HPRegen 0.22/turn               v - ring of positive energy
MPRegen 0.12/turn               (no ring)

@: mighty
A: permanent stasis, dig shafts and tunnels, antennae 3, four strong arms
a: Dig, Renounce Religion


You were in a bailey.
You worshipped Qazlal.
Qazlal was aware of your devotion.
You visited 1 branch of the dungeon, and saw 9 of its levels.
You also visited: Bailey.

You collected 378 gold pieces.
You spent 78 gold pieces at shops.

Inventory:

Hand Weapons
 a - a +0 quarterstaff
 g - a +0 morningstar
 i - the +9 whip of the Morning {elec, rPois}
   (You found it on level 8 of the Dungeon)

   It occasionally discharges a powerful burst of electricity upon striking a
   foe.
   rPois:     It protects you from poison.
 A - a +1 whip of electrocution (weapon)
 D - the +4 dagger "Morg" {pain, Will+ Int+5}
   (You found it on level 6 of the Dungeon)

   In the hands of one skilled in necromantic magic, it inflicts extra damage on
   living creatures.
   Int:       It affects your intelligence (+5).
   Will:      It increases your willpower.
Missiles
 j - 13 poisoned darts
Armour
 b - a +0 scale mail
 c - a +0 buckler (worn)
 f - a +3 leather armour
 u - a scarf of harm
 w - a +2 pair of boots (worn)
 x - a +2 pair of gloves (worn)
 y - the +1 leather armour of Analysis (worn) {rPois rF+ Dex+2}
   (You found it on level 4 of the Dungeon)

   Dex:       It affects your dexterity (+2).
   rF:        It protects you from fire.
   rPois:     It protects you from poison.
 B - a +0 plate armour
Magical Staves
 C - a staff of death
Jewellery
 o - an amulet of the acrobat
 t - an amulet of reflection (around neck)
 v - a ring of positive energy (left hand)
Wands
 l - a wand of digging (4)
 p - a wand of mindburst (4)
Scrolls
 e - a scroll of vulnerability
 k - 3 scrolls of teleportation
 n - a scroll of poison
 q - a scroll of amnesia {unknown}
 r - 2 scrolls of enchant weapon
 z - a scroll of summoning
 E - a scroll of torment
Potions
 h - a potion of lignification {unknown}
 m - 4 potions of haste
 s - 6 potions of degeneration
 F - 2 potions of magic {unknown}
 G - 2 potions of cancellation {unknown}
 H - a potion of mutation {unknown}
 I - 2 potions of brilliance
 J - a potion of invisibility {unknown}
 K - 2 potions of resistance {unknown}


   Skills:
 + Level 7.8 Fighting
 - Level 2.0 Staves
 + Level 7.7 Armour
 + Level 2.8 Dodging
 - Level 7.0 Shields
 + Level 4.0 Translocations
 - Level 3.6 Invocations


You had 3 spell levels left.
You knew the following spells:

 Your Spells              Type           Power      Damage    Failure   Level
a - Manifold Assault      Tloc           7%         N/A       96%         5

Your spell library contained the following spells:

 Spells                   Type           Power      Damage    Failure   Level
 Gell's Gravitas          Tloc           7%         N/A       30%         3
 Lesser Beckoning         Tloc           7%         N/A       30%         3
 Teleport Other           Tloc           7%         N/A       30%         3
 Poisonous Vapours        Pois/Air       0%         N/A       63%         2
 Corpse Rot               Necr/Pois/Air  0%         N/A       99%         4
 Conjure Ball Lightning   Conj/Air       0%         3x3d6     100%        6
 Storm Form               Tmut/Air       0%         N/A       100%        7
 Discord                  Hex            0%         N/A       100%        8
 Disjunction              Tloc           3%         N/A       100%        8
 Blink                    Tloc           Unusable   N/A       N/A         2

Dungeon Overview and Level Annotations

Branches:
Dungeon (9/15)             Temple (0/1) D:7          Bailey (1/1)
   Lair: D:8-11         Orc: D:9-12

Altars:
Qazlal
Wu Jian
Xom

Shops:
D:4 ?


Innate Abilities, Weirdness & Mutations

You cannot be hasted, slowed, berserked, paralysed or teleported.
You can dig through walls and to a lower floor.
You have a pair of large antennae on your head. (SInv)
Your four strong arms can wield two-handed weapons with a shield.


Message History

Lightning courses through the orc warrior!!
You kill the orc warrior!
Qazlal accepts your kill. You block the orc's attack.
The orc warrior hits you with a +0 spear!
You block the orc warrior's attack.
Your Translocations skill increases to level 4!
You barely miss the orc.
The orc warrior hits you from afar with a +0 glaive!
The orc misses you. You block the orc warrior's attack. x2
Unknown command.
Aiming: Upheaval
Press: ? - help, Dir - move target, f - orc warrior
Aim: an orc warrior, wielding a +0 glaive and wearing a +0 chain mail The ground shakes violently, spewing rubble!
The blast of rubble hits the orc warrior!
The orc warrior is heavily wounded.
You block the orc warrior's attack. The orc hits you with a +0 trident.
* * * LOW HITPOINT WARNING * * *
You block the orc warrior's attack. The orc warrior barely misses you.
Unknown command.
Aiming: Upheaval
Press: ? - help, Dir - move target, f - orc warrior, p - orc warrior
Aim: an orc warrior, wielding a +0 spear and wearing a +0 scale mail (sparse dust) That beam is likely to hit you.
Continue anyway?
Magma suddenly erupts from the ground!
The blast of magma engulfs you!! You partially resist.
* * * LOW HITPOINT WARNING * * *
The blast of magma engulfs the orc.
The orc is almost dead.
The blast of magma engulfs the orc warrior!!
You kill the orc warrior!
Qazlal accepts your kill.
The blast of magma engulfs the orc warrior!
The orc warrior is heavily wounded.
You can no longer call upon nature to destroy your foes.
The orc warrior is engulfed in blazing flames.
You block the orc warrior's attack.
The orc warrior hits you from afar with a +0 glaive.
You die...

####### #####
##.....#########.)...
####.......#.....#......
)..#.)##...'....)[.)#...
).)')รท8....'....@'...)..
)..#..##...'...oooo)#...
####.......#.....#......
##.....#########.....
####### #####


You could see 3 orc warriors and an orc.

Vanquished Creatures
  A wyvern (D:7)
  2 steam dragons
  4 orc warriors (Bailey)
  An ice beast (D:6)
  A centaur (D:8)
  A bullfrog (D:8)
  2 scorpions
  3 wights (D:9)
  2 howler monkeys (D:4)
  6 hounds
  A jelly (D:5)
  5 orc priests
  Natasha (thrice) (D:2)
  2 iguanas
  7 orc wizards
  Ijyb (D:4)
  3 gnolls (D:7)
  3 adders
  3 white imps
  3 worms (D:2)
  5 dart slugs
  50 orcs
  6 ball pythons
  4 endoplasms
  2 giant cockroaches
  3 goblins
  5 hobgoblins
  4 jackals (D:2)
  A quokka (D:4)
  4 bats
  3 frilled lizards
  6 kobolds
  5 rats
152 creatures vanquished.

Notes
Turn   | Place    | Note
-------+----------+-------------------------------------------
     0 | D:1      | hikkokomori the Formicid Fighter began the quest for the
                  | Orb.
     0 | D:1      | Reached XP level 1. HP: 18/18 MP: 1/1
   641 | D:1      | Reached XP level 2. HP: 24/24 MP: 2/2
   988 | D:2      | HP: 1/24 [adder (3)]
  1448 | D:2      | Reached XP level 3. HP: 30/30 MP: 3/3
  1550 | D:2      | Noticed Natasha
  1560 | D:2      | Killed Natasha
  1561 | D:2      | Reached XP level 4. HP: 32/37 MP: 4/4
  1564 | D:2      | Noticed Natasha
  1581 | D:2      | Killed Natasha
  1582 | D:2      | Reached skill level 5 in Shields
  2063 | D:2      | Noticed Natasha
  2075 | D:2      | Killed Natasha
  2076 | D:2      | Reached XP level 5. HP: 29/43 MP: 5/5
  2695 | D:3      | Reached XP level 6. HP: 44/50 MP: 6/6
  2744 | D:3      | Found an ornate altar of the Wu Jian Council.
  2774 | D:3      | Reached skill level 5 in Fighting
  3238 | D:4      | Reached skill level 5 in Armour
  3256 | D:4      | Found a shimmering altar of Xom.
  3294 | D:4      | Found Miphot's Magic Scroll Boutique.
  3309 | D:4      | Identified the +1 leather armour of Analysis {rPois rF+
                  | Dex+2}
  3331 | D:4      | Bought a scroll of identify for 26 gold pieces
  3331 | D:4      | Bought a scroll of identify for 26 gold pieces
  3331 | D:4      | Bought a scroll of identify for 26 gold pieces
  3340 | D:4      | Found a stormy altar of Qazlal.
  3348 | D:4      | Became a worshipper of Qazlal Stormbringer
  3356 | D:4      | Reached XP level 7. HP: 41/56 MP: 7/7
  3551 | D:4      | Noticed Ijyb
  3560 | D:4      | Killed Ijyb
  3636 | D:4      | Learned a level 5 spell: Manifold Assault
  3914 | D:5      | Entered Level 5 of the Dungeon
  3929 | D:5      | Reached skill level 1 in Invocations
  4033 | D:5      | Reached skill level 1 in Translocations
  4047 | D:5      | Reached XP level 8. HP: 30/59 MP: 9/9
  4058 | D:5      | Reached * piety under Qazlal
  4624 | D:6      | Found the +4 dagger "Morg" {pain, Will+ Int+5}
  4945 | D:6      | You fall into a shaft and drop 3 floors!
  5107 | D:8      | Reached skill level 1 in Dodging
  5107 | D:8      | Reached XP level 9. HP: 43/72 MP: 11/11
  5129 | D:8      | Identified the +9 whip of the Morning {elec, rPois}
  5160 | D:7      | Found a staircase to the Ecumenical Temple.
  5310 | D:7      | Found a flagged portal.
  5541 | Bailey   | Entered a bailey
  5564 | Bailey   | Reached ** piety under Qazlal
  5932 | Bailey   | HP: 1/74 [suicidal targeting (19)]
  5932 | Bailey   | Slain by an orc warrior

Illustrated notes

Levels and vault maps discovered:
D:1:      ebering_trefoil_3fold, layout_basic, minivault_5
D:2:      layout_basic, skrybe_limestone_x, uniq_natasha
D:3:      minmay_recursive_quarters, layout_rooms, lemuel_crystal_altar,
          lemuel_another_geyser
D:4:      layout_basic, grunt_qazlal_sundering, xom_teletrap_fun, serial_shops,
          shop, lemuel_flame_loot_1, uniq_ijyb
D:5:      layout_cave_pools
D:6:      layout_cave_pods
D:7:      layout_rooms, temple_green, enter_bailey_7, serial_corexii_hall,
          chequers_hall_statues_y, chequers_hall_statues_wall_a,
          hangedman_decor_peaks_small
D:8:      kennysheep_blocky_room, layout_loops_corners,
          nicolae_tso_carved_into_rock, nicolae_yredelemnul_corpse_copse
D:9:      layout_irregular_city, lemuel_zombie_altar_kikubaaqudgha,
          serial_shops, shop
Bailey:   bailey_polearm_5, bailey

Skill      XL: |  1  2  3  4  5  6  7  8  9 |
---------------+----------------------------+-----
Fighting       | 4 5 6 7 |  7.8
Armour         | 4 5 6 7 |  7.7
Shields        | 5 6 7 |  7.0
Invocations    | 1 3 |  3.6
Translocations | 1 3 4 |  4.0
Dodging        | 1 2 |  2.8
Staves         | |  2.0

Action                   |  1- 3 |  4- 6 |  7- 9 || total
-------------------------+-------+-------+-------++-------
Melee: Quarterstaff      |    62 |   189 |   208 ||   459
       Whip              |       |       |   105 ||   105
Invok: Upheaval          |       |       |     3 ||     3
 Abil: Dig               |       |     2 |     2 ||     4
       Shaft Self        |       |       |     1 ||     1
Evoke: Wand              |       |       |     6 ||     6
  Use: Potion            |     1 |     6 |     2 ||     9
       Scroll            |       |     9 |     3 ||    12
 Stab: Sleeping          |       |     1 |       ||     1
Armor: Leather armour    |    16 |    71 |   103 ||   190
Dodge: Dodged            |    30 |    97 |   128 ||   255
Block: Buckler           |    14 |    85 |   247 ||   346
       Reflection        |       |       |     5 ||     5

Table legend: (Time is in decaauts)
 A = Elapsed time spent in this place.
 B = Non-inter-level travel time spent in this place.
 C = Inter-level travel time spent in this place.
 D = Time resting spent in this place.
 E = Time spent auto-exploring this place.
 F = Levels seen in this place.
 G = Mean time per level.
                   A        B        C        D        E       F      G
               +--------+--------+--------+--------+--------+-----+--------+
         Total |   6045 |   5695 |    350 |    605 |   2882 |  10 |  604.5 |
       Dungeon |   5651 |   5301 |    350 |    359 |   2882 |   9 |  627.9 |
        Bailey |    393 |    393 |      0 |    246 |      0 |   1 |  393.0 |
               +--------+--------+--------+--------+--------+-----+--------+

Top non-repeatable levels by time:
     D:2: 1478 daAuts
     D:1: 940 daAuts
     D:3: 845 daAuts
     D:4: 725 daAuts
     D:5: 708 daAuts
     D:7: 407 daAuts
  Bailey: 393 daAuts
     D:6: 343 daAuts
     D:8: 102 daAuts
     D:9: 98 daAuts
